 Dungeon Crawl Stone Soup version 0.30.1-9-gdf580d7c3d (webtiles) character file.

Game seed: 6748772177684337752

11132 monsoonserge the Marksspriggan (level 11, -3/52 HPs)
             Began as a Spriggan Hunter on Oct 23, 2023.
             Was a Believer of Hepliaklqana.
             Slain by a death scarab (14 damage)
             ... in a Gauntlet.
             The game lasted 00:41:16 (12117 turns).

monsoonserge the Marksspriggan (Spriggan Hunter)   Turns: 12117, Time: 00:41:18

Health: -3/52      AC:  4    Str: 10    XL:     11   Next: 45%
Magic:  12/12      EV: 23    Int: 17    God:    Hepliaklqana [**....]
Gold:   1168       SH:  0    Dex: 27    Spells: 10/10 levels left

rFire   + . .        a - +0 shortbow
rCold   + . .        (shield currently unavailable)
rNeg    + . .        J - +0 steam dragon scales
rPois   +            M - -2 hat of the Alchemist {rElec rPois rF+ rC+ rN+ Will+ rMut rCorr}
rElec   +            N - +0 cloak
rCorr   +            (gloves unavailable)
SInv    +            (boots unavailable)
Will    +++..        H - amulet "Byagaest" {Regen+ Dex+4}
Stlth   +++          w - ring of willpower
HPRegen 1.08/turn    G - ring of Tuelax {Str+3 Int+6 Slay+2}
MPRegen 0.13/turn

%: no teleportation, resist mutation
@: attractive, slowed, quick
A: reduced essence, very small, no large weapons, unfitting armour, see
invisible, speed 3
a: Renounce Religion, Recall Ancestor, Ancestor Identity


You were in a Gauntlet.
You worshipped Hepliaklqana.
Hepliaklqana was pleased with you.
You visited 3 branches of the dungeon, and saw 11 of its levels.
You also visited: Ossuary, Bailey and Gauntlet.

You collected 1734 gold pieces.
You spent 566 gold pieces at shops.

Inventory:

Hand Weapons
 a - a +0 shortbow (weapon)
 u - a +2 short sword of venom
Missiles
 g - 27 poisoned darts
Armour
 J - +0 steam dragon scales (worn)
 M - the -2 hat of the Alchemist (worn) {rElec rPois rF+ rC+ rN+ Will+ rMut rCorr}
   (You bought it in a shop on level 1 of the Dungeon)

   rF:        It protects you from fire.
   rC:        It protects you from cold.
   rElec:     It insulates you from electricity.
   rPois:     It protects you from poison.
   rN:        It protects you from negative energy.
   rCorr:     It protects you from acid and corrosion.
   rMut:      It protects you from mutation.
   Will:      It increases your willpower.
 N - a +0 cloak (worn)
Magical Staves
 C - a staff of cold
 I - a staff of earth
Jewellery
 l - a +6 ring of strength
 v - a ring of fire
 w - a ring of willpower (left hand)
 G - the ring of Tuelax (right hand) {Str+3 Int+6 Slay+2}
   (You acquired it in a bailey)

   [ring of intelligence]

   Str:       It affects your strength (+3).
   Int:       It affects your intelligence (+6).
   Slay:      It affects your accuracy & damage with ranged weapons and melee
   (+2).
 H - the amulet "Byagaest" (around neck) {Regen+ Dex+4}
   (You found it in a bailey)

   [amulet of regeneration]

   Dex:       It affects your dexterity (+4).
   Regen:     It increases your rate of health regeneration.
 O - a ring of protection from fire
Wands
 y - a wand of paralysis (10)
 L - a wand of mindburst (15)
 P - a wand of digging (2)
Scrolls
 b - 4 scrolls of immolation
 c - 2 scrolls of poison {unknown}
 e - 4 scrolls of torment {unknown}
 f - 3 scrolls of amnesia
 k - a scroll of magic mapping {unknown}
 n - 4 scrolls of teleportation
 o - 2 scrolls of identify
 p - 4 scrolls of fog
 s - 2 scrolls of butterflies {unknown}
 x - a scroll of enchant weapon {unknown}
 A - 2 scrolls of noise {unknown}
 F - a scroll of brand weapon {unknown}
Potions
 d - 3 potions of heal wounds {unknown}
 h - 5 potions of attraction
 i - 5 potions of haste
 j - 2 potions of invisibility {unknown}
 m - a potion of ambrosia {unknown}
 r - a potion of might {unknown}
 t - 4 potions of curing
 B - 3 potions of resistance {unknown}
 D - 3 potions of mutation {unknown}
 E - 3 potions of brilliance {unknown}
 K - a potion of degeneration {unknown}


   Skills:
 + Level 7.1 Fighting
 + Level 15.8 Ranged Weapons
 + Level 6.0 Dodging
 + Level 3.9 Stealth
 + Level 1.0 Evocations


You had 10 spell levels left.
You didn't know any spells.
Your spell library contained the following spells:

 Spells                   Type           Power      Damage    Failure   Level
 Apportation              Tloc           0%         N/A       24%         1
 Magic Dart               Conj           0%         1d3       24%         1
 Necrotise                Necr           0%         1d4       24%         1
 Sting                    Tmut/Pois      0%         1d3       24%         1
 Poisonous Vapours        Pois/Air       0%         N/A       34%         2
 Vampiric Draining        Necr           0%         2d6       56%         3
 Olgreb's Toxic Radiance  Pois           0%         N/A       93%         4
 Agony                    Necr           0%         N/A       100%        5
 Alistair's Intoxication  Tmut/Pois      0%         N/A       100%        5
 Borgnjor's Revivificati  Necr           0%         N/A       100%        8
 Necromutation            Tmut/Necr      0%         N/A       100%        8
 Death's Door             Necr           0%         N/A       100%        9


Dungeon Overview and Level Annotations

Branches:
Dungeon (9/15)             Temple (1/1) D:6            Lair (1/5) D:9
Ossuary (visited)          Bailey (visited)         Gauntlet (1/1)
    Orc: D:9-12

Altars:
Ashenzari
Cheibriados
Dithmenos
Elyvilon
Fedhas
Gozag
Hepliaklqana
Kikubaaqudgha
Makhleb
Nemelex Xobeh
Okawaru
Qazlal
Ru
Sif Muna
Trog
Uskayaw
Vehumet
Wu Jian
Xom
Yredelemnul
Zin
The Shining One

Shops:
D:1 *   D:6 [

Annotations:
D:3 1 runed translucent door, Crazy Yiuf
D:8 Amaemon Gauntlet 11 transporters


Innate Abilities, Weirdness & Mutations

Your life essence is reduced to manifest your ancestor. (-10% HP)
You are very small and have problems with some larger weapons.
You are too small for most types of armour.
You have supernaturally acute eyesight. (SInv)
You cover ground extremely quickly. (Speed+++)


Message History

You shoot an arrow.
The arrow closely misses the death scarab.
The death scarab bites you!!
The death scarab draws strength from your injuries!
Tawil hits the spectral death yak but does no damage.
The death scarab closely misses you.
The spectral death yak misses Tawil.
The spectral dream sheep bites Tawil but does no damage.
Fire: a) +0 shortbow
Press: ? - help, Q - select action, (/) - cycle Shift-Dir - straight line, f/p - death scarab
Aim: a death scarab (65% to hit)
You shoot an arrow.
The arrow closely misses the death scarab.
The death scarab misses you. The death scarab closely misses you.
Unknown command.
The spectral death yak misses Tawil.
Tawil hits the spectral dream sheep with a +0 flail!
Fire: a) +0 shortbow
Press: ? - help, Q - select action, (/) - cycle Shift-Dir - straight line, f/p - death scarab
Aim: a death scarab (65% to hit)
You shoot an arrow.
The arrow hits the death scarab but does no damage.
The death scarab completely misses you.
Fire: a) +0 shortbow
Press: ? - help, Q - select action, (/) - cycle Shift-Dir - straight line, f/p - death scarab
Aim: a death scarab (65% to hit)
You shoot an arrow.
The arrow hits the death scarab but does no damage.
The death scarab bites you!!
Ouch! That really hurt!
* * * LOW HITPOINT WARNING * * *
The death scarab drains your vigour!
You feel yourself slow down.
The death scarab draws strength from your injuries!
Okay, then.
It was a potion of attraction.
You feel attractive to monsters. The death scarab misses you.
The death scarab barely misses you.
Tawil hits the spectral dream sheep with a +0 flail.
The spectral dream sheep closely misses you.
The death scarab bites you!
You die...

..42#...#=...≈≈...#.#..#########
##..#...#.≈≈≈..≈≈.#.#..#8#
..#/#...#≈.≈..≈..≈#.#..###
..#!#...#...≈≈.≈.≈#.#..#
##.©#...#©..≈..≈≈.#©#..###
..#[#...#[≈.≈≈....###..#8#
..#.#...#..≈..≈R..#....###
##..#...#≈≈.≈≈†≈ZZ#....#
....#...#[...≈.B@.#..###
#####...###########..#8#
#©#.......#©#........###
#.#..§∩≈..#.#.......≈#
#.#########.##########
..............≈ #8#
8.8.8.8.8.8.8.8 #
..............≈ .##.##.##.##.##


You could see the friendly Tawil the knight, a spectral death yak, a spectral
dream sheep (ally target) and a death scarab.

Vanquished Creatures
  An orc warlord (Bailey)
  A two-headed ogre (D:9)
  A manticore (D:9)
  The ghost of foxicus the Chopper, a novice HOFi (D:5)
  A rust devil (Gauntlet)
  A cane toad (Lair:1)
  A komodo dragon (D:9)
  2 trolls (D:9)
  Sigmund (D:6)
  A ynoxinul (Gauntlet)
  11 yaks
  A wyvern (D:9)
  3 steam dragons
  A water moccasin (D:7)
  Duvessa (D:6)
  5 orc warriors
  A sky beast (D:6)
  3 black bears
  3 ogres
  3 wolves (D:9)
  A phantom (D:6)
  4 kobold brigands
  2 bullfrogs (D:7)
  3 scorpions
  3 water moccasin zombies (Ossuary)
  3 wights (D:6)
  Dowan (D:6)
  6 killer bees
  4 electric eels (D:9)
  5 howler monkeys
  A jelly (D:4)
  3 iron imps (Gauntlet)
  A centaur zombie (D:5)
  2 bullfrog skeletons (D:5)
  3 orc priests
  3 hounds (D:9)
  A centaur skeleton (D:5)
  Ijyb (D:5)
  4 iguanas
  A sleepcap (D:7)
  7 orc wizards
  2 mummies (Ossuary)
  2 gnolls (Bailey)
  8 adders
  A shadow imp (D:5)
  A white imp (D:6)
  4 ufetubi
  6 adder zombies (Ossuary)
  4 worms
  2 dart slugs
  37 orcs
  7 ball pythons
  7 endoplasms
  10 giant cockroaches
  6 gnoll zombies (Ossuary)
  12 goblins
  9 hobgoblins
  8 jackals
  3 quokkas
  10 bats
  5 frilled lizards
  5 hobgoblin zombies (Ossuary)
  24 kobolds
  6 kobold zombies (Ossuary)
  3 orc zombies (Ossuary)
  8 rats
292 creatures vanquished.

Vanquished Creatures (collateral kills)
  A death scarab (Gauntlet)
  2 yaks
  A bullfrog (D:9)
  3 killer bees (D:9)
  A hound (D:9)
8 creatures vanquished.

Vanquished Creatures (others)
  4 ancestors (D:9)
  A knight (Gauntlet)
5 creatures vanquished.

Grand Total: 305 creatures vanquished

Notes
Turn   | Place    | Note
-------+----------+-------------------------------------------
     0 | D:1      | monsoonserge the Spriggan Hunter began the quest for the
                  | Orb.
     0 | D:1      | Reached XP level 1. HP: 10/10 MP: 2/2
   203 | D:1      | Reached XP level 2. HP: 15/15 MP: 3/3
   308 | D:1      | Found Toineu's General Store.
   509 | D:1      | Reached XP level 3. HP: 18/18 MP: 4/4
  1185 | D:2      | Reached skill level 5 in Ranged Weapons
  1701 | D:3      | Reached XP level 4. HP: 19/23 MP: 5/5
  2200 | D:3      | Reached XP level 5. HP: 18/26 MP: 6/6
  2704 | D:3      | Found a runed translucent door.
  2705 | D:3      | Noticed Crazy Yiuf
  3092 | D:4      | Reached skill level 6 in Ranged Weapons
  3134 | D:4      | Noticed a black bear
  3327 | D:4      | Found a sand-covered staircase.
  3332 | Ossuary  | Entered an ossuary
  3485 | Ossuary  | Reached XP level 6. HP: 20/32 MP: 7/7
  3549 | Ossuary  | Reached skill level 7 in Ranged Weapons
  4204 | D:4      | Reached XP level 7. HP: 36/36 MP: 8/8
  4235 | D:4      | Reached skill level 8 in Ranged Weapons
  4499 | D:4      | Found a radiant altar of Vehumet.
  4499 | D:4      | Found an ancient bone altar of Kikubaaqudgha.
  4512 | D:4      | Found a shimmering blue altar of Sif Muna.
  4518 | D:4      | Got Vehumet's Essays on Confrontation
  4626 | D:5      | Entered Level 5 of the Dungeon
  4786 | D:5      | Found a transporter.
  4820 | D:5      | Found a transporter.
  4822 | D:5      | Noticed foxicus's ghost (novice HOFi)
  4953 | D:5      | Found an iron altar of Okawaru.
  4959 | D:5      | Found a hazy altar of Hepliaklqana.
  4964 | D:5      | Found a shimmering altar of Xom.
  5050 | D:5      | Noticed Ijyb
  5058 | D:5      | Paralysed by Ijyb for 4 turns
  5063 | D:5      | Killed Ijyb
  5218 | D:5      | Reached skill level 1 in Evocations
  5717 | D:6      | Noticed Sigmund
  5793 | D:6      | Reached skill level 9 in Ranged Weapons
  5793 | D:6      | Reached XP level 8. HP: 40/40 MP: 9/9
  6195 | D:6      | Killed Sigmund
  6209 | D:6      | You fall into a shaft and drop 1 floor!
  6209 | D:7      | Found a glowing golden altar of the Shining One.
  6236 | D:7      | Found a flagged portal.
  6272 | Bailey   | Entered a bailey
  6302 | Bailey   | Noticed an orc warlord
  6437 | Bailey   | Reached skill level 10 in Ranged Weapons
  6595 | Bailey   | Found a runed translucent gate.
  6597 | Bailey   | Found a runed translucent gate.
  6599 | Bailey   | Found a runed translucent gate.
  6944 | Bailey   | Acquired the ring of Tuelax {Str+3 Int+6 Slay+2}
  6948 | Bailey   | Identified the amulet "Byagaest" {Regen+ Dex+4}
  7187 | Bailey   | Killed an orc warlord
  7188 | Bailey   | Reached skill level 11 in Ranged Weapons
  7188 | Bailey   | Reached XP level 9. HP: 46/46 MP: 10/10
  7441 | D:5      | Became a worshipper of Hepliaklqana the Forgotten
  7489 | D:6      | Reached skill level 12 in Ranged Weapons
  7599 | D:6      | Found a staircase to the Ecumenical Temple.
  7607 | Temple   | Entered the Ecumenical Temple
  8068 | D:6      | Noticed Duvessa
  8068 | D:6      | Noticed Dowan
  8084 | D:6      | Killed Duvessa
  8085 | D:6      | Reached skill level 5 in Fighting
  8219 | D:6      | Found Luuraan's Antique Armour Shop.
  8399 | D:6      | Killed Dowan
  8530 | D:7      | Reached skill level 5 in Dodging
  8562 | D:7      | Reached skill level 13 in Ranged Weapons
  8651 | D:7      | Reached XP level 10. HP: 50/51 MP: 11/11
  8923 | D:1      | Bought the -2 hat of the Alchemist {rElec rPois rF+ rC+ rN+
                  | Will+ rMut rCorr} for 566 gold pieces
  8923 | D:1      | Found the -2 hat of the Alchemist {rElec rPois rF+ rC+ rN+
                  | Will+ rMut rCorr}
  9230 | D:5      | Killed foxicus's ghost
  9787 | D:8      | Reached * piety under Hepliaklqana
  9949 | D:8      | Reached skill level 14 in Ranged Weapons
 10541 | D:9      | Noticed a two-headed ogre
 10551 | D:9      | Killed a two-headed ogre
 10617 | D:9      | Noticed Amaemon
 10617 | D:9      | Noticed an orange demon
 10753 | D:9      | Found a staircase to the Lair.
 10830 | D:9      | Reached skill level 15 in Ranged Weapons
 10850 | D:9      | Reached XP level 11. HP: 51/51 MP: 12/12
 11171 | Lair:1   | Entered Level 1 of the Lair of Beasts
 11366 | Lair:1   | Acquired 968 gold pieces
 11369 | Lair:1   | Found a gate leading to a gauntlet.
 11379 | Lair:1   | Reached ** piety under Hepliaklqana
 11380 | Lair:1   | Remembered your ancestor Tawil as a knight
 11408 | Gauntlet | Entered a Gauntlet
 11408 | Gauntlet | Found a transporter.
 11408 | Gauntlet | Found a transporter.
 11428 | Gauntlet | Found a transporter.
 11437 | Gauntlet | Found a transporter.
 11446 | Gauntlet | Noticed a soul eater
 11482 | Gauntlet | Found a transporter.
 11494 | Gauntlet | Noticed a death scarab
 11496 | Gauntlet | Found a transporter.
 11511 | Gauntlet | Found a transporter.
 11524 | Gauntlet | Noticed a green death
 11527 | Gauntlet | Found a transporter.
 11603 | Gauntlet | Found a transporter.
 11616 | Gauntlet | Found a transporter.
 11623 | Gauntlet | Noticed a death scarab
 11626 | Gauntlet | Found a transporter.
 11636 | Gauntlet | Noticed a death scarab
 11654 | Gauntlet | Found a transporter.
 11661 | Gauntlet | Found a transporter.
 11690 | Gauntlet | Found a transporter.
 11728 | Gauntlet | Found a transporter.
 11752 | Gauntlet | Found a transporter.
 12108 | Gauntlet | Killed a death scarab
 12117 | Gauntlet | Slain by a death scarab

Illustrated notes

Levels and vault maps discovered:
D:1:      psy_arrival_heroes, layout_loops_corners, serial_shops, shop,
          minmay_tall_x
D:2:      layout_basic
D:3:      layout_loops_corners, nrook_mini_backslash, uniq_crazy_yiuf_cottage
D:4:      nicolae_cairo_tiling, layout_gridville,
          grunt_temple_overflow_magic_moments, enter_ossuary_2, minmay_between
D:5:      layout_basic, grunt_temple_overflow_diamond,
          gammafunk_ghost_mausoleum, uniq_ijyb
D:6:      layout_basic, minmay_temple_entry_proselytizer, serial_shops, shop,
          minmay_quadrilaterals, uniq_duvessa, uniq_sigmund
D:7:      layout_rooms, lemuel_crystal_altar, enter_bailey_4,
          minmay_fractal_squares_5
D:8:      layout_loops_ring
D:9:      layout_roguey, erik_lair_island, minmay_chambers_of_fives,
          uniq_amaemon
Temple:   nicolae_temple_bog_church
Lair:1:   layout_layer_cave, gauntlet_entry_generic, serial_bayou_pond_c,
          st_stairs_5, grunt_megastairs_4, serial_bayou_shore_b,
          infiniplex_staircase_pool_2, uniq_harold
Gauntlet: gammafunk_gauntlet_branching [nicolae_gauntlet_arena_x,
          gammafunk_gauntlet_arena_crates, nicolae_gauntlet_arena_grate_2,
          gammafunk_gauntlet_arena_chambers, gammafunk_gauntlet_arena_grid,
          gammafunk_gauntlet_arena_split_diamond,
          nicolae_gauntlet_arena_flowing_pool, nicolae_gauntlet_arena_quarters,
          gauntlet_exit_green]

Skill      XL: |  1  2  3  4  5  6  7  8  9 10 11 |
---------------+----------------------------------+-----
Fighting       | 2 3 4 5 6 7 |  7.1
Ranged Weapons | 5 6 7 9 11 13 15 | 15.8
Dodging        | 3 4 5 6 |  6.0
Stealth        | 2 3 |  3.9
Evocations     | 1 |  1.0

Action                     |  1- 3 |  4- 6 |  7- 9 | 10-12 || total
---------------------------+-------+-------+-------+-------++-------
   Fire: Shortbow          |   134 |   272 |   478 |   432 ||  1316
 Invoke: Recall Ancestor   |       |       |       |     6 ||     6
         Ancestor Life: Kn |       |       |       |     1 ||     1
  Evoke: Wand              |       |       |       |     1 ||     1
    Use: Scroll            |       |       |     3 |     5 ||     8
         Potion            |       |       |       |     2 ||     2
 Armour: Robe              |     4 |    13 |     8 |       ||    25
         Steam dragon scal |       |       |       |     6 ||     6
  Dodge: Dodged            |    48 |   109 |    94 |   144 ||   395
